 Dungeon Crawl Stone Soup version 0.20-a0-971-g5896763 (webtiles) character file.

276 Hybris the Skirmisher (level 6, -13/66 HPs)
             Began as an Ogre Gladiator on Apr 8, 2017.
             Was an Initiate of Gozag.
             Mangled by an ogre
             ... wielding a +0 giant club
              (20 damage)
             ... on level 4 of the Dungeon.
             The game lasted 00:07:56 (6187 turns).

Hybris the Skirmisher (Ogre Gladiator)              Turns: 6187, Time: 00:07:57

Health: -13/66     AC:  3    Str: 21    XL:     6   Next: 25%
Magic:  6/6        EV: 10    Int:  9    God:    Gozag
Gold:   105        SH:  0    Dex: 10    Spells: 5/5 levels left

rFire    . . .     SeeInvis .   a - +0 flail
rCold    + . .     Gourm    .   (no shield)
rNeg     . . .     Faith    .   b - +0 robe
rPois    .         Spirit   .   c - +0 hat
rElec    .         Reflect  .   t - scarf {rC+}
rCorr    .         Harm     .   (gloves unavailable)
MR       .....                  (boots unavailable)
Stlth    +.........             (no amulet)
Regen    0.3/turn               (no ring)
MPRegen  0.1/turn               (no ring)

@: no status effects
A: unfitting armour, tough skin 1
a: Potion Petition, Call Merchant, Bribe Branch, Renounce Religion


You were on level 4 of the Dungeon.
You worshipped Gozag.
Gozag was aware of your devotion.
You were not hungry.

You visited 2 branches of the dungeon, and saw 6 of its levels.

You collected 201 gold pieces.
You paid 96 gold pieces to Gozag.

Inventory:

Hand Weapons
 a - a +0 flail (weapon)
Missiles
 d - 3 throwing nets (quivered)
Armour
 b - a +0 robe (worn)
 c - a +0 hat (worn)
 q - a +0 shield
 t - a scarf of cold resistance (worn)
Scrolls
 e - 4 scrolls of remove curse {unknown}
 h - 4 scrolls of identify
 j - a scroll of enchant weapon {unknown}
 s - a scroll of fog {unknown}
Potions
 g - 3 potions of haste {unknown}
 k - a potion of brilliance
 l - a potion of might {unknown}
 m - a potion of flight {unknown}
 n - a potion of heal wounds {unknown}
 p - a potion of agility {unknown}
 r - a potion of curing
Comestibles
 f - 5 bread rations
 i - a meat ration
 o - 2 royal jellies


   Skills:
 * Level 5.4 Fighting
 * Level 4.5 Maces & Flails
 + Level 3.3 Throwing
 - Level 2.6 Dodging


You had 5 spell levels left.
You didn't know any spells.

Dungeon Overview and Level Annotations

Branches:
Dungeon (5/15)             Temple (1/1) D:4

Altars:
Ashenzari
Gozag
Makhleb
Nemelex Xobeh
Ru
Wu Jian
Xom

Annotations:
D:4 zhorgal's ghost, novice DDFi
D:5 Blork the orc


Innate Abilities, Weirdness & Mutations

You are too large for most types of armour.
You have tough skin. (AC +1)


Message History

The ogre misses you.
You sock the ogre!
The ogre is moderately wounded.
The ogre hits you with a giant club!!
You thump the ogre!
The ogre is heavily wounded.
The ogre barely misses you.
You sock the ogre!
The ogre is almost dead.
The ogre hits you with a giant club!!
You are too injured to fight recklessly!
You barely miss the ogre.
The ogre is almost dead.
The ogre hits you with a giant club!
* * * LOW HITPOINT WARNING * * *
You barely miss the ogre.
The ogre is severely wounded.
The ogre hits you with a giant club!!
You die...
Your body crumbles into a pile of gold.

#######.# #.##.# ## #
###.### #.##.# #. #
#.[.).# #.##.# #.
#####.>...###)##.# #.
#..........<#.##.#####
#.
#.###>....#.)........##
#. #.#
#.)...######..#.#[####
#. #.# ###.###
#..........# #W #.# #.#
#.@.....##.#######<
..#####.#
#.O.....##.#.....#.
........#
#.......##.#.# #.#.
.########
#............# #... .#
#...b...####.###.#. .#
#.......# #.....#[ .#
###.>..## ###.##.. .#
#...## #..... .#
##.####### ####.#


You could see an ogre.

Vanquished Creatures
  Terence (D:2)
  10 gnolls
  6 adders
  A worm (D:2)
  5 leopard geckos
  6 orcs
  3 giant cockroaches
  4 goblins
  14 hobgoblins
  8 jackals
  2 quokkas
  7 bats
  6 frilled lizards
  12 kobolds
  4 rats
89 creatures vanquished.

Notes
Turn   | Place    | Note
-------+----------+-------------------------------------------
     0 | D:1      | Hybris the Ogre Gladiator began the quest for the Orb.
     0 | D:1      | Reached XP level 1. HP: 22/22 MP: 1/1
   137 | D:1      | Reached skill level 3 in Fighting
   149 | D:1      | Reached XP level 2. HP: 11/31 MP: 2/2
  1004 | D:1      | Reached XP level 3. HP: 26/37 MP: 3/3
  2014 | D:2      | Reached XP level 4. HP: 35/48 MP: 4/4
  2105 | D:2      | Reached skill level 4 in Fighting
  2370 | D:2      | Noticed Terence
  2393 | D:2      | Killed Terence
  3089 | D:2      | Reached XP level 5. HP: 51/55 MP: 5/5
  3092 | D:2      | Found a sparkling altar of Nemelex Xobeh.
  3098 | D:2      | Found a sacrificial altar of Ru.
  3454 | D:2      | Found a shattered altar of Ashenzari.
  3974 | D:3      | Reached skill level 5 in Fighting
  4827 | D:4      | Noticed an ogre
  5038 | D:4      | Reached XP level 6. HP: 64/66 MP: 6/6
  5098 | D:4      | Found a burning altar of Makhleb.
  5165 | D:4      | Noticed zhorgal's ghost (novice DDFi)
  5785 | D:5      | Entered Level 5 of the Dungeon
  5839 | D:5      | Noticed Blork the orc
  6008 | D:4      | Found a staircase to the Ecumenical Temple.
  6056 | Temple   | Entered the Ecumenical Temple
  6067 | Temple   | Became a worshipper of Gozag Ym Sagoz the Greedy
  6187 | D:4      | Mangled by an ogre

Vault maps used:
D:1:      saegor_arrival_simple_c
D:2:      lemuel_round_altar, minitemple, uniq_terence
D:4:      marbit_many_paths, minmay_temple_entry_butterflies,
          hangedman_decor_slide_cut, nicolae_underground_beach
D:5:      cheibrodos_iron_armory, first_bread, portal_sewer_entry_e,
          feat_on_display, uniq_blork_the_orc
Temple:   nicolae_temple_elliptical

Skill      XL: |  1  2  3  4  5 |
---------------+----------------+-----
Fighting       | 3 4 5 |  5.4
Maces & Flails | 3 4 |  4.5
Throwing       | 3 |  3.3
Dodging        | |  2.6

Action                   |  1- 3 |  4- 6 || total
-------------------------+-------+-------++-------
Melee: Flail             |   157 |   247 ||   404
  Use: Scroll            |       |     1 ||     1
  Eat: Chunk             |     4 |    13 ||    17
Armor: Robe              |    77 |    51 ||   128
Dodge: Dodged            |   110 |   142 ||   252
